 Dungeon Crawl Stone Soup version 0.17-a0-910-ga669010 (webtiles) character file.

201 hornqvist the Shield-Bearer (level 6, 0/47 HPs)
             Began as a Formicid Fighter on May 2, 2015.
             Succumbed to an adder's poison
             ... on level 3 of the Dungeon.
             The game lasted 00:01:45 (1703 turns).

hornqvist the Shield-Bearer (Formicid Fighter)      Turns: 1703, Time: 00:01:45

Health: 0/47       AC:  7    Str: 22    XL:     6   Next: 7%
Magic:  6/6        EV: 14    Int:  8    God:
Gold:   105        SH: 10    Dex: 15    Spells: 0 memorised, 5 levels left

rFire  + . .     SeeInvis +     a - +0 war axe
rCold  + . .     Clarity  .     b - +0 scale mail
rNeg   . . .     SustAb   .     c - +0 shield
rPois  +         Gourm    .     (helmet unavailable)
rElec  +         Spirit   .     (no cloak)
rCorr  +         Warding  .     (no gloves)
rMut   .         Stasis   +     (no boots)
MR     .....                    (no amulet)
Stlth  +.........               p - ring of teleportation (curse)
                                (no ring)

@: agile, lethally poisoned (0 -> -3), resistant, not resistant to hostile
enchantments, very unstealthy
A: permanent stasis, dig shafts and tunnels, four strong arms, antennae 3
a: Dig, Shaft Self, Evoke Teleportation


You were on level 3 of the Dungeon.
You were not hungry.

You visited 1 branch of the dungeon, and saw 3 of its levels.

You collected 105 gold pieces.

Inventory:

Hand weapons
 a - a +0 war axe (weapon)
Armour
 b - a +0 scale mail (worn)
 c - a +0 shield (worn)
Jewellery
 p - a cursed ring of teleportation (right hand)
 q - a +2 ring of protection {unknown}
Scrolls
 f - a scroll of enchant weapon {unknown}
 g - 2 scrolls of teleportation {unknown}
 j - 5 scrolls of identify {unknown}
 k - a scroll of magic mapping {unknown}
 l - 2 scrolls of remove curse {unknown}
 m - a scroll of enchant armour {unknown}
 n - 2 scrolls of amnesia {unknown}
 o - a scroll of blinking {unknown}
Potions
 d - a potion of might
 h - a potion of agility
 i - a potion of resistance
Comestibles
 e - 2 bread rations


   Skills:
 - Level 3.2 Fighting
 * Level 4.0 Axes
 + Level 4.1 Armour
 + Level 2.0 Dodging
 + Level 4.6 Shields


You had 5 spell levels left.
You didn't know any spells.

Dungeon Overview and Level Annotations

Branches:
Dungeon (3/15)

Altars:
Cheibriados
Okawaru


Innate Abilities, Weirdness & Mutations

You are under a permanent stasis effect.
You can dig through walls and to a lower floor.
Your four strong arms can wield two-handed weapons with a shield.
You have a pair of large antennae on your head (SInv).


Message History

It was a potion of agility.
You feel agile all of a sudden.
* * * LOW HITPOINT WARNING * * *
You feel sick.
You take 1 damage, and have 1/47 hp.
Drink which item? (? for menu, Esc to quit)
It was a potion of resistance.
You feel protected.
Drink which item? (? for menu, Esc to quit)
You can't drink that!
Drink which item? (? for menu, Esc to quit)
It was a potion of poison.
You feel slightly nauseous.
* * * LOW HITPOINT WARNING * * *
You feel sick.
Unknown command.
Drink which item? (? for menu, Esc to quit)
Okay, then.
You see here a gnoll corpse.
Found a meat ration.
You die...

### #.#...♣...#
..# #....♣.♣...
#.#
##...♣.♣.♣..
#.#
#...♣.♣.♣.♣.
#.#
#..♣.♣._.♣.♣.
..#
#...♣.♣.♣.♣...
###
#....♣.♣.♣....
#....)♣.♣.....
#..#.@)♣...#..#
#.............#
#.###..........
#.............
#######.......
......% ######


There were no monsters in sight!

Vanquished Creatures
  The ghost of Pikaro the Gusty, an average TeAE (D:3)
  3 gnolls (D:3)
  2 adders
  2 oozes
  5 giant geckos
  6 hobgoblins
  6 kobolds
  A ball python (D:2)
  5 bats
  3 giant cockroaches (D:1)
  3 giant newts
  2 goblins (D:2)
  7 rats
  A plant (D:1)
47 creatures vanquished.

Notes
Turn   | Place    | Note
--------------------------------------------------------------
     0 | D:1      | hornqvist, the Formicid Fighter, began the quest for the Orb.
     0 | D:1      | Reached XP level 1. HP: 18/18 MP: 1/1
    76 | D:1      | Reached XP level 2. HP: 24/24 MP: 2/2
   654 | D:1      | Reached skill level 1 in Dodging
   654 | D:1      | Reached XP level 3. HP: 21/29 MP: 3/3
   924 | D:2      | Found a snail-covered altar of Cheibriados.
   949 | D:2      | Reached skill level 4 in Shields
  1332 | D:2      | Reached XP level 4. HP: 35/35 MP: 4/4
  1422 | D:3      | Noticed Pikaro's ghost (average TeAE)
  1441 | D:3      | Killed Pikaro's ghost
  1441 | D:3      | Reached XP level 5. HP: 21/41 MP: 5/5
  1659 | D:3      | Found an iron altar of Okawaru.
  1694 | D:3      | Reached XP level 6. HP: 4/47 MP: 6/6
  1697 | D:3      | HP: 2/47 [poisoned by an adder]
  1703 | D:3      | Succumbed to an adder's poison

Action                   |  1- 3 |  4- 6 || total
-------------------------+-------+-------++-------
Melee: War axe           |   125 |    57 ||   182
  Use: Potion            |       |     3 ||     3
  Eat: Chunk             |     2 |     1 ||     3
